 Dungeon Crawl Stone Soup version 0.31-a0-486-g8d68a81214 (webtiles) character file.

Game seed: 11981751182190923236

67 AstroCodex24 the Trooper (level 3, 0/29 HPs)
             Began as a Vampire Fighter on Aug 7, 2023.
             Slain by a sleepcap (5 damage)
             ... on level 5 of the Dungeon.
             The game lasted 00:02:39 (436 turns).

AstroCodex24 the Trooper (Vampire Fighter)           Turns: 436, Time: 00:02:39

Health: 0/29       AC:  6    Str: 17    XL:     3   Next: 98%
Magic:  3/3        EV:  9    Int: 10    God:
Gold:   42         SH:  4    Dex: 13    Spells: 2/2 levels left

rFire   . . .        a - +0 war axe
rCold   . . .        c - +0 buckler
rNeg    . . .        b - +0 scale mail
rPois   .            (no helmet)
rElec   .            (no cloak)
rCorr   .            (no gloves)
SInv    +            (no boots)
Will    .....        (no amulet) Stlth
                     (no ring)
HPRegen 0.44/turn    (no ring)
MPRegen 0.08/turn

%: no passive effects
@: healing quickly
A: alive, fangs 3, see invisible, vampiric 2
a: Exsanguinate


You were on level 5 of the Dungeon.
You visited 1 branch of the dungeon, and saw 5 of its levels.

You collected 42 gold pieces.

Inventory:

Hand Weapons
 a - a +0 war axe (weapon)
Missiles
 g - a throwing net
Armour
 b - a +0 scale mail (worn)
 c - a +0 buckler (worn)
Jewellery
 k - a ring of protection from cold
Scrolls
 e - a scroll of revelation {unknown}
 h - 2 scrolls of identify {unknown}
Potions
 d - a potion of might
 f - a potion of brilliance {unknown}
 i - a potion of invisibility {unknown}
 j - a potion of heal wounds {unknown}


   Skills:
 + Level 3.1 Fighting
 + Level 2.5 Axes
 + Level 2.9 Armour
 + Level 0.3 Dodging
 + Level 3.0 Shields


You had 2 spell levels left.
You didn't know any spells.
Your spell library was empty.

Dungeon Overview and Level Annotations

Branches:
Dungeon (5/15)
 Temple: D:4-7

Altars:

Annotations:
D:5 2 transporters, avis's ghost, amateur FeSh


Innate Abilities, Weirdness & Mutations

Your natural rate of healing is accelerated.
You have razor-sharp teeth.
You have supernaturally acute eyesight. (SInv)
You are afflicted with vampirism and can become a bat while bloodless.


Message History

The iguana is moderately wounded.
The iguana barely misses you.
You slash the iguana! You bite the iguana, but do no damage.
The iguana is severely wounded.
The iguana barely misses you. The iguana closely misses you.
You hit the iguana.
You kill the iguana!
There is a stone staircase leading down here.
A sleepcap comes into view.
The sleepcap barely misses you.
You hit the sleepcap.
The sleepcap is lightly damaged.
The sleepcap barely misses you. The sleepcap releases spores at you.
You are engulfed in a cloud of soporific spores!
You fall asleep.
The sleepcap releases spores at you!
You wake up.
You completely miss the sleepcap.
The sleepcap is lightly damaged.
The sleepcap releases spores at you but does no damage.
You hit the sleepcap but do no damage.
The sleepcap is lightly damaged.
The sleepcap closely misses you.
You hit the sleepcap. You bite the sleepcap.
The sleepcap is moderately damaged.
The sleepcap releases spores at you.
You are engulfed in a cloud of soporific spores!
You are unaffected.
You block the sleepcap's attack.
You hit the sleepcap.
The sleepcap is heavily damaged.
The sleepcap releases spores at you.
You are engulfed in a cloud of soporific spores!
You fall asleep.
The sleepcap releases spores at you!
You wake up.
* * * LOW HITPOINT WARNING * * *
You are engulfed in a cloud of soporific spores!
You are unaffected.
You slash the sleepcap!
The sleepcap is severely damaged.
The sleepcap releases spores at you.
You die...

#'########
...##...###.. ..#
...'......... ..#
...#......... ...#
...#......... ...#
...#......... ....#
...#'###+#########....#
#....................#
#..........>....@f...#
#....................#
#....................#
#....................#
#.....########+##....#
#.....# ....# #.....+
....# #.....##### ....#
...........


You could see a sleepcap.

Vanquished Creatures
  2 iguanas (D:5)
  A worm (D:3)
  A ball python (D:1)
  A bat (D:2)
  A giant cockroach (D:1)
  A goblin (D:2)
  2 hobgoblins
  2 quokkas
11 creatures vanquished.

Notes
Turn   | Place    | Note
-------+----------+-------------------------------------------
     0 | D:1      | AstroCodex24 the Vampire Fighter began the quest for the
                  | Orb.
     0 | D:1      | Reached XP level 1. HP: 17/17 MP: 1/1
   161 | D:2      | Reached XP level 2. HP: 23/23 MP: 2/2
   268 | D:5      | Entered Level 5 of the Dungeon
   283 | D:5      | Gained mutation: You are afflicted with vampirism and can
                  | become a bat while bloodless. [Vampire growth]
   283 | D:5      | Reached XP level 3. HP: 17/29 MP: 3/3
   333 | D:5      | Found a transporter.
   363 | D:5      | Found a transporter.
   364 | D:5      | Noticed avis's ghost (amateur FeSh)
   369 | D:5      | Noticed a phantom
   436 | D:5      | Slain by a sleepcap

Illustrated notes

Levels and vault maps discovered:
D:1:      nzn_arrival_depleted_hourglass, layout_loops_ring
D:2:      layout_basic
D:3:      layout_basic, st_stairs_6, minmay_joined_circles, uniq_sigmund,
          uniq_grinder
D:4:      layout_gridville, amethyst_overflow_temple_binary,
          minmay_temple_entry_trees, roderic_lattice_a, uniq_natasha,
          uniq_menkaure
D:5:      layout_gridville, gammafunk_ghost_arena

Skill      XL: |  1  2 |
---------------+-------+-----
Fighting       | 3 |  3.1
Axes           | 2 |  2.5
Shields        | 3 |  3.0
Armour         | |  2.9
Dodging        | |  0.3

Action                     || total
---------------------------++-------
  Melee: War axe           ||    54
         Bite              ||     5
 Armour: Scale mail        ||    16
  Dodge: Dodged            ||    31
  Block: Buckler           ||    10

Table legend: (Time is in decaauts)
 A = Elapsed time spent in this place.
 B = Non-inter-level travel time spent in this place.
 C = Inter-level travel time spent in this place.
 D = Time resting spent in this place.
 E = Time spent auto-exploring this place.
 F = Levels seen in this place.
 G = Mean time per level.
                   A        B        C        D        E       F      G
               +--------+--------+--------+--------+--------+-----+--------+
         Total |    458 |    446 |     12 |      0 |      0 |   5 |   91.6 |
       Dungeon |    458 |    446 |     12 |      0 |      0 |   5 |   91.6 |
               +--------+--------+--------+--------+--------+-----+--------+

Top non-repeatable levels by time:
     D:5: 176 daAuts
     D:1: 133 daAuts
     D:2: 73 daAuts
     D:3: 70 daAuts
     D:4: 4 daAuts
